 Dungeon Crawl Stone Soup version 0.30-a0-465-g8901f6c8b5 (webtiles) character file.

Game seed: 3344344616322900112

32 vilhelmut the Grave Robber (level 3, -3/19 HPs)
             Began as a Deep Elf Necromancer on Dec 18, 2022.
             Slain by an orc
             ... wielding a +0 short sword
              (4 damage)
             ... on level 3 of the Dungeon.
             The game lasted 00:08:24 (1264 turns).

vilhelmut the Grave Robber (Deep Elf Necromancer)   Turns: 1264, Time: 00:08:24

Health: -3/19      AC:  2    Str:  5    XL:     3   Next: 8%
Magic:  2/9        EV: 12    Int: 21    God:
Gold:   120        SH:  0    Dex: 15    Spells: 7/8 levels left

rFire   . . .      SeeInvis .    g - +0 dagger (venom)
rCold   . . .      Faith    .    (no shield)
rNeg    . . .      Spirit   .    a - +0 robe
rPois   .          Reflect  .    (no helmet)
rElec   .          Harm     .    (no cloak)
rCorr   .          Rampage  .    (no gloves)
Will    +....                    (no boots)
Stlth   ++........               (no amulet)
HPRegen 0.23/turn                i - ring of willpower
MPRegen 0.11/turn                (no ring)

@: no status effects
A: no striking features
a: no special abilities


You were on level 3 of the Dungeon.
You visited 1 branch of the dungeon, and saw 3 of its levels.

You collected 120 gold pieces.

Inventory:

Hand Weapons
 g - a +0 dagger of venom (weapon)
Armour
 a - a +0 robe (worn)
Magical Staves
 e - a staff of poison
Jewellery
 i - a ring of willpower (left hand)
Wands
 m - a wand of flame (11)
 q - a wand of iceblast (7)
Scrolls
 f - 2 scrolls of poison {unknown}
 l - a scroll of vulnerability {unknown}
Potions
 b - 3 potions of magic
 c - a potion of attraction {unknown}
 d - a potion of flight {unknown}
 h - a potion of mutation {unknown}
 j - a potion of lignification {unknown}
 k - a potion of might {unknown}
 n - a potion of brilliance {unknown}
 o - 2 potions of curing {unknown}
 p - a potion of heal wounds {unknown}
 r - a potion of berserk rage {unknown}


   Skills:
 + Level 2.6 Dodging
 + Level 2.5 Stealth
 + Level 3.4 Spellcasting
 + Level 5.7 Necromancy


You had 7 spell levels left.
You knew the following spells:

 Your Spells              Type           Power      Damage    Failure   Level
a - Necrotise             Necr           100%       1d9       1%          1

Your spell library contained the following spells:

 Spells                   Type           Power      Damage    Failure   Level
 Vampiric Draining        Necr           27%        2d7       3%          3
 Animate Dead             Necr           27%        N/A       12%         4
 Agony                    Necr           27%        N/A       32%         5
 Leda's Liquefaction      Hex/Erth       1%         N/A       77%         4
 Lee's Rapid Deconstruct  Erth           1%         3d4*      98%         5
 Statue Form              Tmut/Erth      2%         N/A       100%        6


Dungeon Overview and Level Annotations

Branches:
Dungeon (3/15)

Altars:

Shops:
D:1 [   D:2 (


Message History

The dead are walking!
You have reached level 3!
Your experience leads to an increase in your attributes!
Increase (S)trength, (I)ntelligence, or (D)exterity?
You feel clever. x2
Casting: Necrotise (safe; 1% risk of failure)
Confirm with . or Enter, or press ? or * to list all spells.
Aiming: Necrotise (safe; 1% risk of failure)
Press: ? - help, Shift-Dir - straight line, f - orc
Aim: an orc, wielding a +0 mace (ally target, chance to affect: 93%)
The orc writhes in agony!
You kill the orc!
The dead are walking!
Casting: Necrotise (safe; 1% risk of failure)
Confirm with . or Enter, or press ? or * to list all spells.
Aiming: Necrotise (safe; 1% risk of failure)
Press: ? - help, Shift-Dir - straight line, f - orc
Aim: an orc, wielding a +0 short sword (ally target, chance to affect: 93%)
The orc barely resists.
Your orc skeleton hits the orc.
A giant cockroach comes into view.
Casting: Necrotise (safe; 1% risk of failure)
Confirm with . or Enter, or press ? or * to list all spells.
Aiming: Necrotise (safe; 1% risk of failure)
Press: ? - help, Shift-Dir - straight line, f/p - orc
Aim: an orc, wielding a +0 short sword (lightly wounded, ally target, chance to affect: 93%)
The orc barely resists.
Your orc skeleton hits the orc.
The orc hits you from afar with a +0 trident!
Found a robe.
Your orc skeleton barely misses the orc. x2
Casting: Necrotise (safe; 1% risk of failure)
Confirm with . or Enter, or press ? or * to list all spells.
Aiming: Necrotise (safe; 1% risk of failure)
Press: ? - help, Shift-Dir - straight line, f/p - orc
Aim: an orc, wielding a +0 short sword (moderately wounded, ally target, chance to affect: 93%)
The orc writhes in agony.
The orc hits you with a +0 short sword.
The orc hits you from afar with a +0 trident!
* * * LOW HITPOINT WARNING * * *
Unknown command.
The orc attacks as you move away! The orc hits you with a +0 short sword.
You die...

# #. . .### .. ..#
... # #.# .!.. #.#.#
.....
#.#.##########......
+...........ooZ)....
#.#.#......@oZ.B....
#.#.#.#...>.######..
# #.#...#.#.#
#.#.###.#.#
#.....#.#.#
#.###.#.#.# # #.#
#.#.#.# #.#.#
#.#.#[#
#..(###.#.#.#


You could see 3 orcs, a giant cockroach and 2 friendly orc skeletons.

Vanquished Creatures
  A worm (D:2)
  2 orcs (D:3)
  A ball python (D:1)
  3 bats (D:1)
  2 endoplasms
  A goblin (D:1)
  2 hobgoblins
  2 kobolds (D:1)
  A quokka (D:1)
  4 frilled lizards
  2 rats
21 creatures vanquished.

Vanquished Creatures (collateral kills)
  A giant cockroach (D:1)
  A goblin (D:1)
  2 rats
4 creatures vanquished.

Grand Total: 25 creatures vanquished

Notes
Turn   | Place    | Note
-------+----------+-------------------------------------------
     0 | D:1      | vilhelmut the Deep Elf Necromancer began the quest for the
                  | Orb.
     0 | D:1      | Reached XP level 1. HP: 10/10 MP: 6/6
    41 | D:1      | Reached skill level 5 in Necromancy
   207 | D:1      | Reached XP level 2. HP: 14/15 MP: 8/8
   400 | D:1      | Found Nipaji's Armour Emporium.
   811 | D:2      | Found Keubixiw's Antique Weapon Emporium.
  1259 | D:3      | Reached XP level 3. HP: 19/19 MP: 5/9
  1264 | D:3      | Slain by an orc

Illustrated notes

Levels and vault maps discovered:
D:1:      psy_arrival_wood_between_worlds, layout_loops_ring, serial_shops,
          nicolae_shop_behind_doors
D:2:      layout_basic, serial_shops, shop, nrook_campfire,
          chequers_decorated_corner
D:3:      layout_basic, okawaru_gym_becter, nicolae_yredelemnul_ghost_church,
          grunt_decor_one_mirror

Skill      XL: |  1 |
---------------+----+-----
Necromancy     | 5 |  5.7
Dodging        | |  2.6
Stealth        | |  2.5
Spellcasting   | |  3.4

Action                   || total
-------------------------++-------
Melee: Dagger            ||    13
 Cast: Necrotise         ||    30
 Stab: Distracted        ||     1
Armor: Robe              ||     2
Dodge: Dodged            ||     8

Table legend: (Time is in decaauts)
 A = Elapsed time spent in this place.
 B = Non-inter-level travel time spent in this place.
 C = Inter-level travel time spent in this place.
 D = Time resting spent in this place.
 E = Time spent auto-exploring this place.
 F = Levels seen in this place.
 G = Mean time per level.
                   A        B        C        D        E       F      G
               +--------+--------+--------+--------+--------+-----+--------+
         Total |   1262 |    247 |   1015 |      0 |      0 |   3 |  420.7 |
       Dungeon |   1262 |    247 |   1015 |      0 |      0 |   3 |  420.7 |
               +--------+--------+--------+--------+--------+-----+--------+

Top non-repeatable levels by time:
     D:2: 669 daAuts
     D:1: 554 daAuts
     D:3: 38 daAuts
